 Dungeon Crawl Stone Soup version 0.17.0-28-g6e173f8 (webtiles) character file.

20 dohliylev the Grasshopper (level 2, 28/28 HPs)
             Began as a Troll Warper on Nov 22, 2015.
             Starved to death
             ... on level 1 of the Dungeon.
             The game lasted 00:05:51 (634 turns).

dohliylev the Grasshopper (Troll Warper)             Turns: 634, Time: 00:05:51

Health: 28/28      AC:  7    Str: 18    XL:     2   Next: 58%
Magic:  3/3        EV: 10    Int:  9    God:
Gold:   64         SH:  0    Dex:  9    Spells: 2 memorised, 0 levels left

rFire  . . .     SeeInvis .       - Unarmed
rCold  . . .     Clarity  .     a - +0 robe
rNeg   . . .     SustAt   .     (no shield)
rPois  .         Gourm    +     i - +2 hat
rElec  .         Spirit   .     (no cloak)
rCorr  .         Warding  .     (gloves unavailable)
rMut   .         Stasis   .     (boots unavailable)
MR     .....                    (no amulet)
Stlth  +.........               (no ring)
                                (no ring)

@: fainting, not resistant to hostile enchantments, very unstealthy
A: unfitting armour, claws 3, fast metabolism 3, gourmand, regeneration 2,
shaggy fur 1, tough skin 2
a: no special abilities


You were on level 1 of the Dungeon.
You were fainting.

You visited 1 branch of the dungeon, and saw 2 of its levels.

You collected 64 gold pieces.

Inventory:

Hand Weapons
 k - a +0 hunting sling
Missiles
 d - 5 tomahawks of dispersal (quivered)
 g - 16 sling bullets of flame
Armour
 a - a +0 robe (worn)
 i - a +2 hat (worn)
Scrolls
 c - 2 scrolls of blinking
 l - a scroll of identify {unknown}
Potions
 h - a potion of magic {unknown}
 j - a potion of beneficial mutation {unknown}
Books
 b - a book of Spatial Translocations

   Spells                             Type                      Level
   a - Apportation                    Translocation                1
   b - Blink                          Translocation                2
   c - Shroud of Golubria             Charms/Translocation         2
   d - Portal Projectile              Translocation                3
   e - Teleport Other                 Translocation                3
   f - Passage of Golubria            Translocation                4
Comestibles
 e - 5 bread rations
 f - a chunk of flesh


   Skills:
 + Level 2.0 Fighting
 + Level 0.8 Throwing
 + Level 2.0 Dodging
 + Level 2.3 Unarmed Combat
 + Level 1.3 Spellcasting
 + Level 2.3 Translocations


You couldn't memorise any spells.
You knew the following spells:

 Your Spells              Type           Power        Failure   Level  Hunger
a - Apportation           Tloc           #.........   14%         1    ##.....
b - Blink                 Tloc           N/A          21%         2    ###....


Dungeon Overview and Level Annotations

Branches:
Dungeon (2/15)

Altars:


Innate Abilities, Weirdness & Mutations

You are too large for most types of armour.
You have claws for hands.
Your metabolism is lightning-fast.
You like to eat raw meat.
You heal very quickly.
You are covered in fur (AC +1).
You have very tough skin (AC +2).


Message History

You can move again.
There is a stone staircase leading down here.
Found a mace.
A kobold comes into view.
The kobold shouts!
The kobold hits you but does no damage.
A giant cockroach comes into view.
You scratch the kobold.
You kill the kobold!
Found a scroll of blinking.
You claw the giant cockroach!
You kill the giant cockroach!
You see here a giant cockroach corpse.
You butcher the giant cockroach corpse.
f - 2 chunks of flesh (gained 1) Some of the chunks of flesh in your inventory have rotted away.
You lose consciousness!
You can move again.
You have starved to death.
You die...

# ##.####.#####..........#
##.#.............##..###.## #
##.##.###.###.###.##.......#
###.###.# .# #.# #.##..####.?
.#.####.###.###.# #.##..####..
................###...........
#######.###.###.##...#..####..
..# #.# #.#..........
#.#####.# #.@............
#.......# #...................
#.####### ###.#.##...#######..
#.# .. #. ##.## # #.# ## #.
#.# #.# #> #.# #.# #. #.# #.##
#. #.# ...#### ###############


There were no monsters in sight!

Vanquished Creatures
  A giant gecko (D:1)
  3 giant cockroaches (D:1)
  3 hobgoblins (D:1)
  A kobold (D:1)
  2 goblins (D:1)
  10 rats (D:1)
20 creatures vanquished.

Notes
Turn   | Place    | Note
--------------------------------------------------------------
     0 | D:1      | dohliylev the Troll Warper began the quest for the Orb.
     0 | D:1      | Reached XP level 1. HP: 19/19 MP: 1/1
   132 | D:1      | Reached XP level 2. HP: 28/28 MP: 2/2
   184 | D:1      | Learned a level 2 spell: Blink
   634 | D:1      | Starved to death

Action                   || total
-------------------------++-------
Melee: Unarmed           ||    40
 Cast: Blink             ||     1
 Stab: Sleeping          ||     2
